 Dungeon Crawl Stone Soup version 0.30-a0-779-g7971cf19c3 (webtiles) character file.

Game seed: 2808108353893468455

172 Newt the Cutter (level 5, -1/42 HPs)
             Began as a Demonspawn Gladiator on Feb 17, 2023.
             Was a Follower of Dithmenos.
             Succumbed to a gnoll's poison
             ... on level 3 of the Dungeon.
             The game lasted 00:02:37 (2257 turns).

Newt the Cutter (Demonspawn Gladiator)              Turns: 2257, Time: 00:02:37

Health: -1/42      AC:  4    Str: 16    XL:     5   Next: 27%
Magic:  5/5        EV: 12    Int:  9    God:    Dithmenos [*.....]
Gold:   163        SH:  0    Dex: 15    Spells: 4/4 levels left

rFire   . . .      SeeInvis .    n - +0 dagger (drain)
rCold   . . .      Faith    +    (no shield)
rNeg    . . .      Spirit   .    b - +0 leather armour
rPois   .          Reflect  .    c - +0 helmet
rElec   .          Harm     .    (no cloak)
rCorr   .          Rampage  .    (no gloves)
Will    .....                    (no boots)
Stlth   ++                       i - amulet of faith
HPRegen 0.27/turn                (no ring)
MPRegen 0.09/turn                (no ring)

@: lethally poisoned (-1 -> -28), wreathed by umbra
A: hooves 1, powered by death 1
a: Renounce Religion


You were on level 3 of the Dungeon.
You worshipped Dithmenos.
Dithmenos was aware of your devotion.
You visited 1 branch of the dungeon, and saw 3 of its levels.

You collected 163 gold pieces.

Inventory:

Hand Weapons
 a - a +0 rapier
 n - a +0 dagger of draining (weapon)
Missiles
 d - a throwing net (quivered)
 f - a javelin
 m - 5 curare-tipped darts
Armour
 b - a +0 leather armour (worn)
 c - a +0 helmet (worn)
Jewellery
 i - an amulet of faith (around neck)
Wands
 e - a wand of flame (38)
Scrolls
 g - a scroll of amnesia
 k - a scroll of fog
 l - a scroll of identify
 p - 2 scrolls of magic mapping {unknown}
 q - a scroll of blinking
 t - a scroll of enchant weapon {unknown}
 u - a scroll of poison {unknown}
Potions
 h - 3 potions of curing
 j - a potion of degeneration
 o - a potion of lignification {unknown}
 r - a potion of brilliance {unknown}
 s - a potion of flight {unknown}


   Skills:
 - Level 4.0 Fighting
 + Level 4.1 Short Blades
 - Level 1.7 Throwing
 - Level 2.6 Dodging
 - Level 1.5 Stealth


You had 4 spell levels left.
You didn't know any spells.
Your spell library contained the following spells:

 Spells                   Type           Power      Damage    Failure   Level
 Sandblast                Erth           0%         2d4       45%         1
 Passwall                 Tmut/Erth      0%         N/A       58%         2
 Stone Arrow              Conj/Erth      0%         3d7       83%         3


Dungeon Overview and Level Annotations

Branches:
Dungeon (3/15)

Altars:
Dithmenos
Makhleb
Uskayaw


Innate Abilities, Weirdness & Mutations

You have large cloven feet.
You regenerate a little health from kills.


Message History

The gnoll hits you from afar with a +0 spear.
The gnoll barely misses you.
You hit the gnoll but do no damage. You drain the gnoll. You kick the gnoll.
The gnoll is almost dead.
The gnoll hits you from afar with a +0 spear.
The gnoll hits you but does no damage.
You closely miss the gnoll. You kick the gnoll.
You kill the gnoll!
Dithmenos accepts your kill. The gnoll hits you but does no damage.
Training target 4.0 for Short Blades reached!
Your Short Blades skill increases to level 4!
You need to enable at least one skill for training.
The gnoll closely misses you. The gnoll barely misses you.
Things that are here:
a +0 club; a gnoll corpse You hit the gnoll.
You drain the gnoll. You kick the gnoll.
The gnoll is heavily wounded.
You barely miss the gnoll. Your kick misses the gnoll.
The gnoll is heavily wounded.
The gnoll hits you from afar with a +0 spear of venom.
You are poisoned.
You closely miss the gnoll.
The gnoll is heavily wounded.
You feel sick. The gnoll barely misses you.
The gnoll hits you from afar with a +0 spear of venom.
You hit the gnoll. You drain the gnoll.
You kill the gnoll!
Dithmenos accepts your kill.
You are shrouded in an aura of darkness!
You feel sick.
The gnoll hits you from afar with a +0 spear of venom!
You are more poisoned.
* * * LOW HITPOINT WARNING * * *
You feel very sick.
The gnoll hits you with a +0 spear of venom.
* * * LOW HITPOINT WARNING * * *
You are more poisoned.
You closely miss the gnoll.
You die...

....#.........#
....#.........#
....#.........#
......#.......#
......#.......#
.<#...#.......##
..+............#
###............#########
...............)@g......
.....#.........)########
................+
####............#
#..#....######...
#(.#._.. #.##. #..#. ..#
.# ####. .. .....


You could see a gnoll.

Vanquished Creatures
  Terence (D:2)
  Robin (D:2)
  4 adders
  2 gnolls (D:3)
  3 dart slugs
  3 endoplasms
  2 giant cockroaches (D:1)
  15 goblins
  11 hobgoblins
  8 jackals
  5 kobolds
  3 quokkas
  4 ball pythons
  A bat (D:2)
  6 rats
69 creatures vanquished.

Notes
Turn   | Place    | Note
-------+----------+-------------------------------------------
     0 | D:1      | Newt the Demonspawn Gladiator began the quest for the Orb.
     0 | D:1      | Reached XP level 1. HP: 16/16 MP: 1/1
    58 | D:1      | Reached skill level 1 in Stealth
   144 | D:1      | Gained mutation: You have large cloven feet. [demonic
                  | ancestry]
   144 | D:1      | Reached XP level 2. HP: 22/22 MP: 2/2
   624 | D:2      | Noticed Robin
   627 | D:2      | Reached XP level 3. HP: 29/29 MP: 3/3
   638 | D:2      | Killed Robin
   837 | D:2      | Reached XP level 4. HP: 26/37 MP: 4/4
  1223 | D:2      | Noticed Terence
  1238 | D:2      | Killed Terence
  1808 | D:3      | Found a shadowy altar of Dithmenos.
  1823 | D:3      | Became a worshipper of Dithmenos the Shadowed
  1880 | D:3      | Gained mutation: You regenerate a little health from kills.
                  | [demonic ancestry]
  1880 | D:3      | Reached XP level 5. HP: 36/42 MP: 5/5
  1971 | D:3      | Noticed a +0 dagger
  1972 | D:3      | Noticed a +0 dagger
  2092 | D:3      | Found a burning altar of Makhleb.
  2244 | D:3      | Found a hide-covered altar of Uskayaw.
  2255 | D:3      | Reached * piety under Dithmenos
  2257 | D:3      | Succumbed to a gnoll's poison

Illustrated notes

Levels and vault maps discovered:
D:1:      dpeg_arrival_pits, layout_loops_ring
D:2:      layout_basic, nicolae_underground_beach, uniq_terence, uniq_robin
D:3:      layout_basic, zin_treasury, dancing_weapons_uskayaw,
          mainiacjoe_overflow_alcove_1, mainiacjoe_overflow_alcove_2

Skill      XL: |  1  2  3  4  5 |
---------------+----------------+-----
Stealth        | 1 |  1.5
Fighting       | 3 4 |  4.0
Short Blades   | 3 4 |  4.1
Throwing       | |  1.7
Dodging        | |  2.6

Action                     |  1- 3 |  4- 6 || total
---------------------------+-------+-------++-------
  Melee: Rapier            |   109 |    23 ||   132
         Kick              |    20 |    20 ||    40
         Dagger            |       |    59 ||    59
  Throw: Throwing net      |     1 |     1 ||     2
         Javelin           |     1 |       ||     1
    Use: Scroll            |     8 |       ||     8
   Stab: Sleeping          |     2 |     3 ||     5
 Armour: Leather armour    |    21 |    20 ||    41
  Dodge: Dodged            |    53 |    41 ||    94

Table legend: (Time is in decaauts)
 A = Elapsed time spent in this place.
 B = Non-inter-level travel time spent in this place.
 C = Inter-level travel time spent in this place.
 D = Time resting spent in this place.
 E = Time spent auto-exploring this place.
 F = Levels seen in this place.
 G = Mean time per level.
                   A        B        C        D        E       F      G
               +--------+--------+--------+--------+--------+-----+--------+
         Total |   2253 |   2100 |    153 |    178 |   1485 |   3 |  751.0 |
       Dungeon |   2253 |   2100 |    153 |    178 |   1485 |   3 |  751.0 |
               +--------+--------+--------+--------+--------+-----+--------+

Top non-repeatable levels by time:
     D:2: 1212 daAuts
     D:1: 580 daAuts
     D:3: 460 daAuts
